Map: Traitor's Exile

Players

brewhaha

  • Race: Zerg Zerg
  • Spawn Location: 6:00

TBone

  • Race: Zerg Zerg
  • Spawn Location: 5:00

FunkOverlord - Winner!

  • Race: Zerg Zerg
  • Spawn Location: 12:00

Sixilli - Winner!

  • Race: Terran Terran
  • Spawn Location: 9:00

VOD

Have the link to the VOD?

Description

Time

  • Played on: Dec. 12, 2018, 2:45 a.m.
  • Length: 12:39
Show
View Real Time Build Order
Export as new Build Order

brewhaha Zerg 

Build Orders: Pool First 

Get SALT Encoding   

  12  0:01  Drone  
  13  0:12  Overlord  
  13  0:18  Drone  
  14  0:31  Drone x2  
  14  0:34  Drone  
  17  0:46  Drone  
  18  0:53  Spawning Pool  
  18  0:56  Drone  
  18  1:18  Hatchery  
  18  1:25  Extractor  
  16  1:28  Drone x2  
  18  1:35  Overlord  
  18  1:39  Queen  
  18  1:43  Drone  
  21  1:52  Drone  
  23  2:01  Drone  
  23  2:13  Zergling x2  
  24  2:26  Drone  
  25  2:30  Lair  
  25  2:35  Roach Warren  
  24  2:40  Evolution Chamber  
  24  2:42  Extractor  
  22  3:09  Queen  
  22  3:11  Drone x3  
  27  3:15  Metabolic Boost  
  27  3:36  Drone x2  
  27  3:37  Drone  
  27  3:38  Drone x3  
  33  3:43  Drone  
  33  3:45  Roach  
  33  3:46  Overlord  
  36  3:58  Overlord  
  36  4:03  Glial Reconstitution  
  36  4:07  Zerg Missile Weapons Level 1  
  36  4:20  Roach x2, Extractor, Drone x2  
  36  4:21  Zergling x2, Roach, Extractor  
  38  4:37  Roach x3  
  38  4:38  Overlord x2  
  43  4:45  Ravager  
  36  5:26  Zergling x2, Roach x2  
  36  5:27  Overlord  
  41  5:41  Tunneling Claws  
  39  5:46  Queen  
  39  5:48  Roach x2  
  28  6:20  Drone x5  
  28  6:21  Drone  
  28  6:22  Drone x3  
  37  6:38  Drone x2  
  39  6:44  Zerg Ground Armor Level 1  
  39  6:56  Drone x3  
  39  6:57  Drone x4  
  46  7:10  Roach x3  
  46  7:11  Roach  
  54  7:24  Extractor  
  53  7:43  Zergling x2, Roach x4  
  53  7:44  Zergling x6  
  65  7:54  Hydralisk Den  
  64  8:01  Drone x2  
  64  8:02  Overlord, Roach  
  66  8:33  Roach  
  66  8:34  Roach x3  
  53  8:35  Hydralisk x2  
  51  8:49  Muscular Augments  
  51  8:51  Zerg Missile Weapons Level 2  
  51  8:53  Roach  
  51  8:54  Roach  
  51  8:55  Overlord  
  55  9:00  Ravager  
  56  9:29  Drone x2  
  56  9:30  Overlord  
  58  9:31  Roach  
  58  9:32  Roach x3, Hydralisk x3  
  72  9:42  Infestation Pit  
  71  10:01  Grooved Spines  
  66  10:53  Infestor x2  
  66  10:55  Roach x2  
  66  10:56  Roach, Hydralisk x2  
  80  11:03  Extractor, Hatchery  
  78  11:07  Extractor  
  78  11:09  Drone x2  
  78  11:10  Hydralisk x3  
  85  11:18  Roach x2  
  89  11:19  Hydralisk  
  89  11:22  Ravager  
  55  11:51  Roach x6  
  55  11:52  Hydralisk x3  
  55  12:15  Roach x3  
  61  12:16  Roach x3  
Show
View Real Time Build Order
Export as new Build Order

TBone Zerg 

Build Orders: Pool First 

Get SALT Encoding   

  12  0:01  Drone  
  13  0:08  Drone  
  14  0:17  Overlord  
  14  0:35  Spawning Pool  
  13  0:38  Drone  
  14  0:47  Drone x2  
  16  0:53  Extractor  
  16  0:54  Drone  
  16  1:02  Drone  
  17  1:13  Drone  
  18  1:21  Queen  
  18  1:24  Overlord  
  20  1:34  Drone  
  20  1:38  Roach Warren  
  20  1:50  Drone  
  21  1:56  Drone  
  22  2:06  Drone  
  23  2:16  Drone  
  23  2:20  Hatchery  
  23  2:24  Lair  
  23  2:29  Extractor  
  22  2:33  Roach x2  
  26  2:41  Overlord  
  26  2:44  Drone  
  26  2:45  Drone  
  28  2:52  Evolution Chamber  
  27  3:26  Drone x2  
  29  3:28  Roach x2  
  33  3:34  Drone  
  33  3:35  Queen  
  36  3:43  Drone  
  36  3:45  Drone x3  
  40  3:51  Hydralisk Den, Zerg Melee Weapons Level 1  
  39  3:56  Drone x2  
  39  3:59  Overlord  
  42  4:10  Drone  
  42  4:14  Roach  
  42  4:15  Extractor  
  43  4:18  Extractor  
  42  4:24  Hydralisk x2  
  46  4:36  Roach  
  46  4:37  Roach x2  
  46  5:01  Hydralisk x3  
  46  5:05  Roach x3  
  50  5:13  Roach  
  52  5:20  Overlord x2  
  52  5:21  Overlord  
  40  5:28  Drone  
  40  5:29  Drone  
  34  5:39  Drone  
  33  5:43  Drone  
  34  5:50  Drone  
  35  6:22  Drone x4  
  35  6:23  Drone x6  
  45  6:42  Spine Crawler  
  45  6:46  Spine Crawler  
  43  6:48  Drone  
  43  6:50  Drone  
  43  6:52  Spine Crawler x2  
  43  6:53  Drone  
  44  6:55  Drone  
  45  7:11  Drone  
  45  7:12  Drone x2  
  45  7:13  Drone x5  
  53  7:25  Drone x2  
  55  7:33  Drone  
  56  7:38  Drone x2  
  56  7:39  Drone x2  
  60  7:46  Overlord x3  
  60  8:10  Roach x7  
  60  8:12  Hatchery  
  73  8:17  Metabolic Boost  
  73  8:22  Overseer  
  65  8:44  Roach x7  
  77  9:03  Zerg Missile Weapons Level 1  
  77  9:11  Spore Crawler  
  77  9:12  Spore Crawler  
  77  9:14  Grooved Spines, Hydralisk  
  77  9:15  Hydralisk x3  
  83  9:17  Overlord x2  
  83  9:22  Drone  
  84  9:34  Drone  
  84  9:35  Drone  
  84  9:36  Queen  
  88  9:51  Roach x2  
  88  9:52  Roach x2, Hydralisk x2  
  100  9:57  Glial Reconstitution  
  100  9:58  Hatchery  
  99  10:06  Infestation Pit  
  98  10:10  Ravager x7  
  98  10:11  Ravager  
  98  10:12  Overlord x2  
  106  10:40  Roach x5  
  106  10:41  Roach x3  
  106  10:42  Overlord x2  
  122  10:48  Muscular Augments  
  122  11:02  Hydralisk x2  
  122  11:03  Overlord, Hydralisk  
  128  11:12  Hive  
  128  11:21  Queen, Drone x2  
  119  11:34  Roach x4  
  119  11:59  Roach x7, Spine Crawler  
  119  12:00  Spine Crawler  
  119  12:01  Spine Crawler  
Show
View Real Time Build Order
Export as new Build Order

FunkOverlord Zerg - Winner!

Build Orders: Hatch First 

Get SALT Encoding   

  12  0:00  Drone  
  13  0:14  Overlord  
  13  0:20  Drone  
  14  0:32  Drone x2  
  16  0:37  Drone  
  17  0:57  Hatchery  
  17  1:00  Drone  
  17  1:02  Drone  
  18  1:08  Drone  
  19  1:19  Extractor  
  19  1:23  Spawning Pool  
  17  1:26  Drone  
  17  1:31  Drone  
  19  1:43  Overlord  
  19  1:52  Drone  
  20  2:10  Queen  
  20  2:11  Queen  
  20  2:13  Zergling x4  
  26  2:17  Zergling x2  
  26  2:20  Metabolic Boost  
  26  2:22  Drone  
  28  2:30  Drone  
  28  2:31  Drone  
  30  2:42  Baneling Nest  
  29  2:45  Drone  
  29  2:50  Drone x2  
  32  3:03  Zergling x4  
  34  3:06  Drone  
  35  3:16  Zergling x2  
  36  3:20  Overlord x3  
  36  3:30  Overlord  
  36  3:40  Zergling x2  
  36  3:41  Zergling x8  
  41  3:47  Zergling x2  
  42  3:51  Zergling x2  
  42  3:52  Zergling x4  
  45  3:56  Zergling x6  
  45  3:57  Zergling x4  
  50  4:09  Zergling x4  
  52  4:17  Baneling x4  
  52  4:21  Zergling x6  
  54  4:26  Drone  
  54  4:27  Drone  
  54  4:28  Zergling x6  
  57  4:52  Baneling  
  57  4:55  Zergling x2  
  57  4:57  Zergling x6  
  57  4:58  Zergling x4  
  50  5:08  Zergling x2  
  47  5:24  Zergling x6  
  41  5:40  Zergling x6  
  44  5:47  Baneling x4  
  44  5:49  Drone x2  
  41  5:59  Drone  
  36  6:20  Zergling x8  
  40  6:32  Extractor  
  39  6:36  Zergling x2  
  39  6:37  Zergling x16  
  39  6:38  Roach Warren  
  47  6:46  Drone  
  48  6:49  Lair  
  48  6:50  Hatchery  
  48  6:52  Drone x2  
  49  7:03  Drone x4  
  49  7:04  Drone x3  
  49  7:05  Overlord  
  56  7:11  Drone  
  56  7:13  Evolution Chamber  
  56  7:16  Evolution Chamber  
  56  7:19  Drone  
  56  7:31  Extractor  
  56  7:32  Extractor  
  54  7:40  Zerg Missile Weapons Level 1  
  54  7:41  Zerg Ground Armor Level 1  
  54  7:43  Roach x2  
  54  7:44  Roach x6  
  70  7:46  Baneling  
  70  7:49  Overlord  
  70  8:04  Drone x3  
  70  8:05  Drone x3  
  76  8:08  Drone x2  
  76  8:09  Drone  
  79  8:13  Baneling x5  
  60  8:39  Drone x2  
  61  8:44  Drone x3  
  61  8:45  Drone x8  
  72  8:53  Overseer x2  
  72  8:55  Infestation Pit  
  71  9:00  Queen  
  71  9:01  Extractor x2  
  71  9:03  Overlord x5  
  71  9:04  Overlord  
  71  9:05  Hatchery  
  70  9:30  Roach x8  
  70  9:31  Roach x5  
  96  9:35  Zerg Missile Weapons Level 2  
  96  9:45  Zerg Ground Armor Level 2  
  96  9:49  Hatchery  
  95  10:00  Hive  
  95  10:09  Roach  
  95  10:11  Zergling x2  
  95  10:12  Zergling x24  
  110  10:15  Overlord x3  
  110  10:25  Queen  
  112  10:39  Drone x3  
  112  10:40  Drone x3  
  112  10:41  Drone  
  119  10:42  Overlord  
  119  10:43  Overlord  
  119  10:45  Roach x4  
  127  10:57  Zergling x10  
  127  10:58  Zergling x4  
  127  10:59  Roach x2  
  138  11:07  Queen  
  140  11:16  Roach  
  140  11:17  Roach x6  
  141  11:45  Roach x3  
  141  11:46  Roach x2  
  148  12:06  Overlord x3  
  148  12:08  Roach x8  
  158  12:09  Roach  
Show
View Real Time Build Order
Export as new Build Order

Sixilli Terran - Winner!

Build Orders:  

Get SALT Encoding   

  12  0:01  SCV  
  13  0:18  SCV  
  14  0:24  Supply Depot  
  14  0:30  SCV  
  15  0:46  SCV  
  16  0:56  Barracks  
  16  0:57  Refinery  
  16  0:58  SCV  
  17  1:12  SCV  
  18  1:24  SCV  
  19  1:36  SCV  
  20  1:49  Command Center  
  20  1:51  Reaper  
  21  2:08  Barracks  
  21  2:21  Orbital Command  
  21  2:26  Supply Depot  
  21  2:47  Barracks Reactor  
  21  2:53  SCV  
  22  3:04  Orbital Command  
  23  3:05  SCV  
  23  3:12  Barracks Tech Lab  
  23  3:17  SCV  
  24  3:22  Refinery  
  24  3:27  Marine x2  
  24  3:29  SCV  
  27  3:37  Factory  
  27  3:45  Marine x2  
  27  3:47  SCV x2  
  31  3:50  Marine  
  31  3:54  Stimpack  
  32  3:59  SCV x2  
  34  4:03  Marine x2  
  34  4:08  Marine  
  37  4:10  Barracks  
  37  4:11  SCV  
  37  4:14  Engineering Bay  
  37  4:16  Engineering Bay  
  38  4:24  Factory Reactor  
  38  4:28  Starport  
  38  4:32  Factory Reactor  
  38  4:39  Marine x3  
  41  4:51  SCV x2  
  43  4:56  Marine, Refinery  
  43  4:57  Marine x2, Refinery  
  46  5:09  Supply Depot  
  46  5:10  Supply Depot  
  46  5:18  Barracks Reactor  
  46  5:20  Terran Infantry Weapons Level 1  
  46  5:21  Factory Tech Lab, SCV, Terran Infantry Armor Level 1  
  46  5:30  SCV  
  45  5:55  Combat Shield  
  42  6:08  Marauder  
  42  6:09  Marine x4  
  42  6:11  Siege Tank  
  45  6:12  Medivac x2  
  45  6:15  SCV  
  45  6:16  SCV  
  51  6:26  Marine  
  51  6:27  Marine, SCV  
  51  6:28  SCV  
  51  6:29  Marauder  
  57  6:38  Command Center  
  58  6:40  Barracks, SCV x2  
  58  6:41  Barracks  
  59  6:50  Marauder  
  59  6:52  SCV  
  62  6:59  Barracks  
  62  7:10  Supply Depot  
  62  7:12  Supply Depot  
  62  7:14  Supply Depot  
  62  7:15  Supply Depot  
  62  7:28  Armory  
  62  7:30  Barracks Tech Lab  
  62  7:32  SCV x2  
  64  7:44  Siege Tank, SCV x2  
  64  7:45  Marine x2  
  64  7:48  Barracks Tech Lab  
  64  7:51  Marauder x2  
  75  7:52  Medivac x2  
  75  7:56  SCV  
  75  7:58  Supply Depot  
  80  7:59  Supply Depot  
  80  8:00  Supply Depot  
  80  8:08  Command Center  
  80  8:12  Marauder x2  
  84  8:13  Marine  
  84  8:14  Marine x4  
  84  8:16  Siege Tank  
  92  8:32  Marauder  
  92  8:33  Marauder  
  92  8:34  Marauder  
  98  8:41  Marine x2  
  98  8:42  Marine x2  
  98  8:43  Medivac x2  
  106  8:48  Siege Tank  
  106  8:54  Marauder  
  106  8:55  Marauder x2  
  115  9:13  Medivac  
  117  9:27  Marine  
  117  9:28  Marauder x2  
  117  9:29  Marauder  
  124  9:32  Terran Infantry Weapons Level 2, Terran Infantry Armor Level 2  
  124  9:35  Marine x3  
  127  9:41  Command Center  
  127  9:42  Supply Depot, Orbital Command  
  127  9:50  Marauder x3  
  133  9:54  Concussive Shells  
  133  10:03  Siege Tank  
  126  10:20  Marauder x3  
  131  10:33  Orbital Command  
  134  10:35  Siege Tank  
  134  10:39  Medivac x2  
  134  10:41  Marauder  
  140  10:46  SCV  
  141  10:51  Supply Depot x2  
  141  10:52  Supply Depot  
  141  10:53  Supply Depot  
  141  11:13  Marauder x3, SCV x2  
  149  11:21  Siege Tank  
  149  11:22  Medivac x2  
  149  11:25  SCV  
  152  11:34  Marauder x2  
  142  11:52  Medivac  
  142  11:53  Siege Tank  
  146  12:00  Marine x3  
  146  12:01  Marine x3  
  133  12:02  Marauder  
  133  12:03  Medivac  
Tags
 
Add a new tag
Caveats
  • Supply blocks, unpowered buildings, or Contaminate may cause inaccurate times.
  • Supply counts are checked every 10 seconds.